 Dungeon Crawl Stone Soup version 0.31-a0-692-gf03d1854d5 (webtiles) character file.

Game seed: 10473262754799363965

76 qw the Shooter (level 4, -2/28 HPs)
             Began as a Gargoyle Hunter on Sept 6, 2023.
             Slain by an orc priest
             ... wielding a +0 trident
              (6 damage)
             ... on level 2 of the Dungeon.
             The game lasted 00:00:27 (1104 turns).

qw the Shooter (Gargoyle Hunter)                    Turns: 1104, Time: 00:00:27

Health: -2/28      AC:  6    Str: 14    XL:     4   Next: 32%
Magic:  4/4        EV: 11    Int: 10    God:
Gold:   57         SH:  0    Dex: 15    Spells: 3/3 levels left

rFire   . . .        Y - +0 shortbow
rCold   + . .        (shield currently unavailable)
rNeg    + . .        c - +0 leather armour
rPois   inf          (no helmet)
rElec   +            (no cloak)
rCorr   .            (no gloves)
SInv    .            (no boots)
Will    .....        (no amulet)
Stlth   ++           d - ring of protection from cold
HPRegen 0.24/turn    (no ring)
MPRegen 0.09/turn

%: no passive effects
@: no status effects
A: sickness immunity, AC +3, negative energy resistance 1, electricity
resistance, torment resistance 1, petrification resistance
a: no special abilities


You were on level 2 of the Dungeon.
You visited 1 branch of the dungeon, and saw 2 of its levels.

You collected 57 gold pieces.


Innate Abilities, Weirdness & Mutations

You are immune to sickness and miasma.
Your stone body is resilient. (AC +3)
You are immune to poison.
You resist negative energy. (rN+)
You are resistant to electric shocks. (rElec)
You are resistant to unholy torment.
You are immune to petrification.


   Skills:
 - Level 3.4 Fighting
 + Level 5.1 Ranged Weapons
 - Level 1.5 Dodging
 - Level 1.1 Stealth


You had 3 spell levels left.
You didn't know any spells.
Your spell library was empty.

Inventory:

Hand Weapons
 Y - a +0 shortbow (weapon)
Armour
 c - a +0 leather armour (worn)
Jewellery
 b - a ring of wizardry
 d - a ring of protection from cold (left hand)
Scrolls
 a - a scroll of teleportation {unknown}
 f - a scroll of identify {unknown}
 g - a scroll of vulnerability {unknown}
 h - a scroll of immolation {unknown}
Potions
 e - a potion of haste {unknown}

Dungeon Overview and Level Annotations

Branches:
Dungeon (2/15)

Altars:
Cheibriados


Message History

The orc attacks as it pursues you! The orc closely misses you.
Enter note:
Enter note:
Enter note:
1095 |||
Found retreat position at -1,1 (floor) with 0 blocking monsters and 2 monsters attacking at destination at distance 1
1095 ||| Stepping ~*~*~tactically~*~*~ (retreating).
The orc attacks as it pursues you! The orc closely misses you.
1096 |||
Found retreat position at 0,1 (floor) with 0 blocking monsters and 2 monsters attacking at destination at distance 1
1096 ||| Stepping ~*~*~tactically~*~*~ (retreating).
The orc attacks as it pursues you! The orc hits you but does no damage.
You shoot an arrow. The arrow hits the orc.
The orc is moderately wounded.
The orc hits you but does no damage.
You shoot an arrow. The arrow barely misses the orc.
The orc priest looks braver for a moment.
The orc barely misses you.
You shoot an arrow. The arrow completely misses the orc.
The orc priest hits you but does no damage.
The orc closely misses you.
The orc priest hits you from afar with a +0 trident!
You shoot an arrow.
The arrow hits the orc but does no damage.
The orc is moderately wounded.
The orc hits you with a +0 whip.
The orc priest hits you but does no damage.
The orc hits you with a +0 whip.
You shoot an arrow. The arrow hits the orc.
The orc is heavily wounded.
The orc priest hits you from afar with a +0 trident.
The orc hits you but does no damage.
You shoot an arrow. The arrow barely misses the orc.
The orc priest hits you from afar with a +0 trident.
The orc misses you.
You shoot an arrow. The arrow hits the orc.
You kill the orc!
The orc priest closely misses you.
You shoot an arrow.
The arrow hits the orc priest but does no damage.
The orc priest hits you from afar with a +0 trident.
You die...

#####..o.o...............##%
........................##.
.....########...#######..##.
.##.. #...# #..##. #. #...#
##..##. . ###...### #......
.# #.o.....# #.....#
#)#...#.####......
#####@#.......##.....#
#.....%...#.#.##...=.#
#.#.............#####.
#......#..#.#.##.###.#
##.#........#.###.#.##
#.#..........# ##.##
#...._..###### #.###
#.......# #...# #.......#
#.#.#


You could see an orc priest.

Vanquished Creatures
  Natasha (D:2)
  A worm (D:2)
  2 dart slugs (D:2)
  3 orcs (D:2)
  4 ball pythons
  3 endoplasms (D:1)
  2 giant cockroaches (D:1)
  2 goblins (D:2)
  5 hobgoblins
  A quokka (D:1)
  6 bats
  A frilled lizard (D:1)
  4 kobolds
  2 rats (D:2)
37 creatures vanquished.

Notes
Turn   | Place    | Note
-------+----------+-------------------------------------------
     0 | D:1      | qw the Gargoyle Hunter began the quest for the Orb.
     0 | D:1      | Reached XP level 1. HP: 12/12 MP: 1/1
     0 | D:1      | 0 ||| qw: Version: 0.3-a-76-g4403597
     0 | D:1      | 0 ||| qw: Game counter: 85
     0 | D:1      | 0 ||| qw: Melee chars always use a shield: true
     0 | D:1      | 0 ||| qw: God list: Okawaru
     0 | D:1      | 0 ||| qw: Allow faded altars: false
     0 | D:1      | 0 ||| qw: Do Orc after clearing Dungeon:15 true
     0 | D:1      | 0 ||| qw: Do second Lair branch before Depths: true
     0 | D:1      | 0 ||| qw: Lair rune preference: random
     0 | D:1      | 0 ||| qw: Goals: Normal
     0 | D:1      | 0 ||| PLANNING D:1-11
   166 | D:1      | Reached XP level 2. HP: 17/17 MP: 2/2
   538 | D:1      | 538 ||| UPGRADING to ring of protection from cold.
   539 | D:1      | 539 ||| READING 2 scrolls labelled ZAMISI ONIPIWK.
   540 | D:1      | 540 ||| DROPPING scroll of noise.
   541 | D:1      | 541 ||| DROPPING scroll of butterflies.
   630 | D:2      | Found a faded altar of an unknown god.
   630 | D:2      | Noticed a shining eye
   635 | D:2      | Noticed a golden eye
   640 | D:2      | Noticed a great orb of eyes
   645 | D:2      | Noticed a shining eye
   658 | D:2      | Reached XP level 3. HP: 20/21 MP: 3/3
   671 | D:2      | Reached skill level 5 in Ranged Weapons
   774 | D:2      | Found a snail-covered altar of Cheibriados.
   899 | D:2      | Noticed Natasha
   908 | D:2      | Killed Natasha
   909 | D:2      | Reached skill level 3 in Fighting
   909 | D:2      | Reached XP level 4. HP: 8/28 MP: 4/4
  1079 | D:2      | 1079 ||| RETREATING.
  1092 | D:2      | 1092 ||| Stepping ~*~*~tactically~*~*~ (retreating).
  1093 | D:2      | 1093 ||| Stepping ~*~*~tactically~*~*~ (retreating).
  1094 | D:2      | 1094 ||| Stepping ~*~*~tactically~*~*~ (retreating).
  1095 | D:2      | 1095 ||| Stepping ~*~*~tactically~*~*~ (retreating).
  1096 | D:2      | 1096 ||| Stepping ~*~*~tactically~*~*~ (retreating).
  1101 | D:2      | HP: 6/28 [orc priest/+0 trident (5)]
  1104 | D:2      | Slain by an orc priest

Levels and vault maps discovered:
D:1:      minmay_arrival_hallway, layout_loops_ring
D:2:      cheibrodos_pilgrimage, layout_loops_cross, basic_altar,
          hellmonk_ecumenical_altar_watching_god, uniq_natasha

Skill      XL: |  1  2  3 |
---------------+----------+-----
Ranged Weapons | 5 |  5.1
Fighting       | 3 |  3.4
Dodging        | |  1.5
Stealth        | |  1.1

Action                     |  1- 3 |  4- 6 || total
---------------------------+-------+-------++-------
   Fire: Shortbow          |    75 |    26 ||   101
    Use: Scroll            |     1 |       ||     1
 Armour: Leather armour    |     9 |    19 ||    28
  Dodge: Dodged            |    10 |    14 ||    24

Table legend:
 A = Non-vault XP
 B = Vault XP
 C = Vault XP percentage of total XP
 D = Non-vault monster count
 E = Vault monster count
 F = Vault count percentage of total count
                 A         B        C        D         E       F
            +---------+---------+-------+---------+---------+-------
      Total |      64 |      45 |  41.3 |      33 |       4 |  10.8
            +---------+---------+-------+---------+---------+-------
        D:1 |      26 |       0 |   0.0 |      15 |       0 |   0.0
        D:2 |      38 |      45 |  54.2 |      18 |       4 |  18.2
            +---------+---------+-------+---------+---------+-------
